 Dungeon Crawl Stone Soup version 0.24-a0-341-g52ca42d3ec (webtiles) character file.

Game seed: 10661928471399979072

2 mhoghedin the Magician (level 1, -1/13 HPs)
             Began as a Mummy Wizard on May 20, 2019.
             Slain by a dart slug (3 damage)
             ... on level 1 of the Dungeon.
             The game lasted 00:01:09 (256 turns).

mhoghedin the Magician (Mummy Wizard)                Turns: 256, Time: 00:01:10

Health: -1/13      AC:  2    Str: 10    XL:     1   Next: 33%
Magic:  0/5        EV: 12    Int: 17    God:
Gold:   0          SH:  0    Dex: 10    Spells: 7/8 levels left

rFire    x . .     SeeInvis .   (no weapon)
rCold    + . .     Gourm    .   (no shield)
rNeg     + + +     Faith    .   a - +0 robe
rPois    ∞         Spirit   .   b - +0 hat
rElec    .         Reflect  .   (no cloak)
rCorr    .         Harm     .   (no gloves)
MR       .....                  (no boots)
Stlth    ++........             (no amulet)
HPRegen  0.04/turn              (no ring)
MPRegen  0.09/turn              (no ring)

@: very slightly contaminated
A: no food or potions, fire vulnerability, cold resistance 1, negative energy
resistance 3, torment resistance, unbreathing
a: no special abilities


You were on level 1 of the Dungeon.
You were not hungry.

You visited 1 branch of the dungeon, and saw 1 of its levels.

Inventory:

Hand Weapons
 c - a +0 dagger
   (You found it on level 1 of the Dungeon)
Armour
 a - a +0 robe (worn)
 b - a +0 hat (worn)


   Skills:
 - Level 1.5 Dodging
 - Level 1.5 Stealth
 + Level 4.1 Spellcasting
 + Level 1.0 Conjurations
   Level 0.7 Summonings
   Level 0.7 Translocations


You had 7 spell levels left.
You knew the following spells:

 Your Spells              Type           Power        Failure   Level  Hunger
a - Magic Dart            Conj           #...         11%         1    N/A

Your spell library contained the following spells:

 Spells                   Type           Power        Failure   Level  Hunger
 Blink                    Tloc           N/A          17%         2    N/A
 Call Imp                 Summ           #.......     17%         2    N/A
 Slow                     Hex            #.......     24%         2    N/A
 Conjure Flame            Conj/Fire      #.......     36%         3    N/A
 Mephitic Cloud           Conj/Pois/Air  #.......     38%         3    N/A

Dungeon Overview and Level Annotations

Branches:
Dungeon (1/15)

Altars:


Innate Abilities, Weirdness & Mutations

You do not eat or drink.
Your flesh is vulnerable to fire.
You are immune to poison.
Your flesh is cold resistant. (rC+)
You are immune to negative energy. (rN+++)
You are immune to unholy pain and torment.
You can survive without breathing.


Message History

You now have 1/5 mp.
Aim: a dart slug (severely wounded)
The magic dart hits the hobgoblin.
The hobgoblin barely misses you.
You now have 0/5 mp.
You don't have enough magic to cast that spell.
The giant cockroach closely misses you.
There is an open door here.
The giant cockroach closely misses you. The giant cockroach barely misses you.
The giant cockroach barely misses you.
The giant cockroach bites you but does no damage.
The giant cockroach bites you.
You take 2 damage, and have 11/13 hp.
The giant cockroach closely misses you. The giant cockroach bites you.
You take 2 damage, and have 10/13 hp.
Aim: a giant cockroach (clinging)
The magic dart hits the giant cockroach but does no damage.
The giant cockroach barely misses you.
You now have 1/5 mp.
Aim: a giant cockroach (clinging)
The magic dart hits the giant cockroach.
The giant cockroach closely misses you.
You now have 0/5 mp.
You don't have enough magic to cast that spell.
Really attack barehanded? [Y]es or [N]o only, please.
Really attack barehanded? [Y]es or [N]o only, please.
Really attack barehanded? [Y]es or [N]o only, please.
Really attack barehanded? [Y]es or [N]o only, please.
Really attack barehanded? [Y]es or [N]o only, please.
Really attack barehanded?
Okay, then.
Unknown command.
The giant cockroach bites you.
You take 2 damage, and have 8/13 hp.
Aim: a giant cockroach (heavily wounded)
The magic dart hits the giant cockroach but does no damage.
The giant cockroach bites you but does no damage.
You now have 0/5 mp.
The giant cockroach bites you.
You take 1 damage, and have 7/13 hp.
The giant cockroach misses you.
Aim: a giant cockroach (heavily wounded, clinging)
The magic dart hits the giant cockroach.
You kill the giant cockroach!
Your Conjurations skill increases to level 1!
You now have 0/5 mp.
The dart slug launches a dart at you. The slug dart misses you.
Aim: a hobgoblin, wielding a +0 club The magic dart hits the hobgoblin.
The hobgoblin hits you but does no damage.
You now have 0/5 mp.
The hobgoblin hits you but does no damage.
The hobgoblin hits you with a +0 club.
* * * LOW HITPOINT WARNING * * *
You take 6 damage, and have 2/13 hp.
MASSIVE DAMAGE!!
You see here a giant cockroach corpse.
Aim: a hobgoblin, wielding a +0 club (severely wounded)
The magic dart hits the hobgoblin but does no damage.
The hobgoblin hits you but does no damage.
You now have 0/5 mp.
You see here a giant cockroach corpse.
Aim: a hobgoblin, wielding a +0 club (severely wounded)
You miscast Magic Dart.
You are very lightly contaminated with residual magic.
Your bandages flutter.
The hobgoblin misses you.
You now have 0/5 mp.
Really attack barehanded? [Y]es or [N]o only, please.
Really attack barehanded? [Y]es or [N]o only, please.
Really attack barehanded? [Y]es or [N]o only, please.
Really attack barehanded? [Y]es or [N]o only, please.
Really attack barehanded?
Okay, then.
Unknown command.
Really attack barehanded? [Y]es or [N]o only, please.
Really attack barehanded? [Y]es or [N]o only, please.
Really attack barehanded?
Okay, then.
Really attack barehanded? [Y]es or [N]o only, please.
Really attack barehanded?
You hit the hobgoblin. The dart slug barely misses you.
The hobgoblin misses you.
You barely miss the hobgoblin. The hobgoblin hits you with a +0 club.
* * * LOW HITPOINT WARNING * * *
The dart slug bites you.
You die...

#### #...# #....
#....#### ......
.... #.#####
+..g@.# #.###w# #.#
#.# #†# #.#
#.###.## #####
#......# #.
#..<###.###..#
...♣♣##.##♣≈......#
...≈≈≈#'#♣≈≈####.##


You could see a dart slug and a hobgoblin.

Vanquished Creatures
  A giant cockroach (D:1)
  A kobold (D:1)
2 creatures vanquished.

Notes
Turn   | Place    | Note
-------+----------+-------------------------------------------
     0 | D:1      | mhoghedin the Mummy Wizard began the quest for the Orb.
     0 | D:1      | Reached XP level 1. HP: 13/13 MP: 5/5
   218 | D:1      | Reached skill level 1 in Conjurations
   232 | D:1      | HP: 2/13 [hobgoblin/+0 club (6)]
   256 | D:1      | HP: 2/13 [hobgoblin/+0 club (1)]
   256 | D:1      | Slain by a dart slug

Levels and vault maps discovered:
D:1:      sevenhm_arrival_forest_fort_small_4, layout_basic,
          minmay_misc_feat_alley

Skill      XL: |  1 |
---------------+----+-----
Conjurations   | 1 |  1.0
Dodging        | |  1.5
Stealth        | |  1.5
Spellcasting   | |  4.1
Summonings     | |  0.7
Translocations | |  0.7

Action                   || total
-------------------------++-------
Melee: Unarmed           ||     2
 Cast: Magic Dart        ||    14
Armor: Robe              ||     4
Dodge: Dodged            ||    14

Table legend:
 A = Non-vault XP
 B = Vault XP
 C = Vault XP percentage of total XP
 D = Non-vault monster count
 E = Vault monster count
 F = Vault count percentage of total count
                 A         B        C        D         E       F
            +---------+---------+-------+---------+---------+-------
      Total |       4 |       0 |   0.0 |       2 |       0 |   0.0
            +---------+---------+-------+---------+---------+-------
        D:1 |       4 |       0 |   0.0 |       2 |       0 |   0.0
            +---------+---------+-------+---------+---------+-------

Levels and vault maps discovered:
D:1:      sevenhm_arrival_forest_fort_small_4, layout_basic,
          minmay_misc_feat_alley

Table legend:
 A = Turns spent in this place as a percentage of turns spent in the entire game.
 B = Non-inter-level travel turns spent in this place as a percentage of non-inter-level travel turns spent in the entire game.
 C = Inter-level travel turns spent in this place as a percentage of turns spent in this place.
 D = Turns resting spent in this place as a percentage of non-inter-level travel turns spent in this place.
 E = Turns spent auto-exploring this place as a percentage of non-inter-level travel turns spent in this place.
 F = Non-inter-level travel turns spent in this place divided by the number of levels of this place that you've seen.
                   A       B       C       D       E      F
               +-------+-------+-------+-------+-------+----------------------
         Total | 100.0 | 100.0 |   0.0 |  39.5 |  19.1 | 256.0
       Dungeon | 100.0 | 100.0 |   0.0 |  39.5 |  19.1 | 256.0
               +-------+-------+-------+-------+-------+----------------------

Table legend:
 A = Kills in this place as a percentage of kills in entire the game.
 B = Kills by you in this place as a percentage of kills by you in the entire game.
 C = Kills by friends in this place as a percentage of kills by friends in the entire game.
 D = Other kills in this place as a percentage of other kills in the entire game.
 E = Experience gained in this place as a percentage of experience gained in the entire game.
 F = Experience gained in this place divided by the number of levels of this place that you have seen.
                   A       B       C       D       E      F
               +-------+-------+-------+-------+-------+----------------------
         Total | 100.0 | 100.0 |   N/A |   N/A | 100.0 |   4.0
       Dungeon | 100.0 | 100.0 |   N/A |   N/A | 100.0 |   4.0
               +-------+-------+-------+-------+-------+----------------------
